 Dungeon Crawl Stone Soup version 0.25-a0-834-g55863b0b92 (webtiles) character file.

Game seed: 7092834064051916503, levelgen mode: deterministic

8075 kae the Grappler (level 11, -2/77 HPs)
             Began as a Purple Draconian Transmuter on Apr 23, 2020.
             Was a Believer of Uskayaw.
             Slain by Snorg (9 damage)
             ... on level 10 of the Dungeon.
             The game lasted 00:12:49 (12688 turns).

kae the Grappler (Purple Draconian Transmuter)     Turns: 12688, Time: 00:12:49

Health: -2/77      AC:  9    Str: 21    XL:     11   Next: 5%
Magic:  33/33      EV: 12    Int: 19    God:    Uskayaw [**....]
Gold:   607        SH:  0    Dex: 14    Spells: 13/28 levels left

rFire    . . .     SeeInvis .   z - +5 whip "Nuunoj" {holy, Fragile Str+3 Int+4 Dex+2}
rCold    . . .     Gourm    .   (no shield)
rNeg     . . .     Faith    .   (armour unavailable)
rPois    .         Spirit   .   (helmet restricted)
rElec    .         Reflect  .   l - +1 cloak
rCorr    .         Harm     .   (no gloves)
MR       +....                  (no boots)
Stlth    +.........             (no amulet)
HPRegen  0.22/turn              n - ring of magical power
MPRegen  0.23/turn              x - +4 ring of strength

@: about to teleport
A: breathe power, unfitting armour, cold-blooded, AC +7
a: Breathe Dispelling Energy, Stomp, Line Pass, Renounce Religion


You were on level 10 of the Dungeon.
You worshipped Uskayaw.
Uskayaw was noncommittal.
You were not hungry.

You visited 1 branch of the dungeon, and saw 10 of its levels.

You collected 607 gold pieces.

Inventory:

Hand Weapons
 z - the +5 whip "Nuunoj" (weapon) {holy, Fragile Str+3 Int+4 Dex+2}
   (You found it on level 7 of the Dungeon)

   It has been blessed by the Shining One to cause great damage to the undead
   and demons.
   It affects your strength (+3).
   It affects your intelligence (+4).
   It affects your dexterity (+2).
   It will be destroyed if unequipped.
Missiles
 a - 213 arrows
Armour
 l - a +1 cloak (worn)
Jewellery
 i - an uncursed ring of fire
 n - a ring of magical power (left hand)
 v - an uncursed amulet of rage
 x - a +4 ring of strength (right hand)
 B - an uncursed amulet of magic regeneration {unknown}
Wands
 p - a wand of flame (16)
 q - a wand of paralysis (5)
 t - a wand of digging (4)
 y - a wand of acid (6)
 D - a wand of scattershot (4)
Scrolls
 b - 12 scrolls of teleportation
 h - a scroll of fog
 m - 3 scrolls of remove curse
 o - a scroll of amnesia
 s - a scroll of magic mapping
 w - a scroll of enchant weapon
 C - a scroll of fear
 E - a scroll of blinking
Potions
 d - 5 potions of flight
 e - a potion of degeneration
 f - a potion of heal wounds
 g - 3 potions of haste
 j - a potion of brilliance
 k - 3 potions of lignification
 r - 2 potions of stabbing {unknown}
 u - a potion of curing {unknown}
 A - a potion of mutation {unknown}
Comestibles
 c - 20 rations
 F - 3 chunks of flesh


   Skills:
 - Level 1.1 Fighting
 - Level 1.7 Dodging
 * Level 11.6 Unarmed Combat
 + Level 9.1 Spellcasting
 + Level 8.3 Transmutations
 + Level 6.3 Invocations


You had 13 spell levels left.
You knew the following spells:

 Your Spells              Type           Power        Failure   Level  Hunger
a - Beastly Appendage     Tmut           #####.       1%          1    None
b - Sticks to Snakes      Tmut           #####...     1%          2    None
c - Spider Form           Tmut/Pois      ###.......   4%          3    None
d - Ice Form              Ice/Tmut       ###.....     14%         4    ###....
e - Blade Hands           Tmut           #####.....   8%          5    #####..

Your spell library contained the following spells:

 Spells                   Type           Power        Failure   Level  Hunger
 Freeze                   Ice            #...         9%          1    None
 Magic Dart               Conj           #...         9%          1    None
 Blink                    Tloc           N/A          12%         2    None
 Call Imp                 Summ           #.......     12%         2    None
 Slow                     Hex            #.......     12%         2    None
 Conjure Flame            Conj/Fire      #.......     24%         3    None
 Frozen Ramparts          Ice            #.....       24%         3    None
 Mephitic Cloud           Conj/Pois/Air  #.......     24%         3    None
 Ozocubu's Armour         Chrm/Ice       #.......     24%         3    None
 Irradiate                Conj/Tmut      ###.......   38%         5    #####..
 Hydra Form               Tmut           #####.....   38%         6    ######.
 Hailstorm                Conj/Ice       #.......     63%         4    ###....
 Summon Ice Beast         Ice/Summ       #.......     63%         4    ###....
 Statue Form              Tmut/Erth      ###......    92%         6    ######.
 Dragon Form              Tmut           #####.....   92%         7    #######


Dungeon Overview and Level Annotations

Branches:
Dungeon (10/15)            Temple (0/1) D:5             Orc (0/2) D:9
   Lair: D:8-11

Altars:
Ashenzari
Dithmenos
Elyvilon
Fedhas
Gozag
Hepliaklqana
Ru
Sif Muna
Trog
Uskayaw
Vehumet
Wu Jian
Beogh

Annotations:
D:4 3 runed translucent doors, DogServant's ghost, novice GnCK; SatoMori's ghost, amateur HOMo
D:5 3 runed translucent doors, acepyromaniac2's ghost, novice MiGl
D:8 3 runed translucent doors, DOPEyDwarf's ghost, journeyman DECj; Flugslaktarn's ghost, novice MiFi; Lugonue's ghost, novice TeFi; acepyromaniac2's ghost, novice GnSk
D:10 Snorg; Urug


Innate Abilities, Weirdness & Mutations

You can breathe bolts of dispelling energy.
Your rich purple scales are hard. (AC +7)
You cannot fit into any form of body armour.
You are cold-blooded and may be slowed by cold attacks.


Message History

Your lungs strain for air!
You slip free of the water engulfing you.
You gasp with relief as air once again reaches your lungs.
Okay, then.
Your transformation has ended.
The +5 whip "Nuunoj" {holy, Fragile Str+3 Int+4 Dex+2} unmelds from your body.
Your +1 cloak unmelds from your body.
The +5 whip "Nuunoj" {holy, Fragile Str+3 Int+4 Dex+2} softly glows with a divine radiance!
Snorg goes berserk!
As you read the scroll of teleportation, it crumbles to dust.
You feel strangely unstable. The water elemental hits you!
* * * LOW HITPOINT WARNING * * *
The water elemental engulfs you in water!
Snorg rages.
You slip free of the water engulfing you.
You gasp with relief as air once again reaches your lungs.
Snorg bites you!
* * * LOW HITPOINT WARNING * * *
Snorg claws you!
You die...

##......#......
#....
........#......
#....
........#......
#....
........'......
#....
........#......
#....
..(.....'......
#....
###'#..a#......
#....
....'.ET#......
....#..@# .....
....#...# .....
### #...# ####
...... .......
..........
##########


You could see Snorg (berserk), a water elemental and a worker ant.

Vanquished Creatures
  2 two-headed ogres
  Sonja (D:10)
  Maggie (D:8)
  Grinder (D:3)
  Sigmund (D:3)
  A wraith (D:10)
  A wyvern (D:8)
  A yak (D:7)
  3 hogs (D:7)
  A human (D:7)
  A black bear (D:9)
  An orc warrior (D:9)
  2 sky beasts
  2 ice beasts
  4 centaurs
  4 ogres
  8 bullfrogs
  5 scorpions
  2 wyvern skeletons
  6 killer bees (D:7)
  7 howler monkeys
  2 crimson imps (D:6)
  2 centaur zombies
  4 hounds
  A centaur skeleton (D:7)
  10 orc priests
  3 jellies
  5 iguanas
  12 orc wizards
  8 worker ants
  A killer bee zombie (D:6)
  A hound skeleton (D:8)
  2 worker ant zombies
  2 howler monkey skeletons
  9 adders
  6 gnolls
  3 shadow imps
  9 oozes
  2 adder skeletons
  An adder zombie (D:6)
  2 worms
  5 dart slugs
  4 leopard geckos
  35 orcs
  7 bats
  3 giant cockroaches
  10 goblins
  9 hobgoblins
  6 jackals (D:3)
  10 kobolds
  3 quokkas
  2 ball pythons
  4 frilled lizards
  A leopard gecko skeleton (D:3)
  8 rats
247 creatures vanquished.

Vanquished Creatures (others)
  8 fungi
  A plant (D:10)
  7 toadstools (D:3)
16 creatures vanquished.

Grand Total: 263 creatures vanquished

Notes
Turn   | Place    | Note
-------+----------+-------------------------------------------
     0 | D:1      | kae the Draconian Transmuter began the quest for the Orb.
     0 | D:1      | Reached XP level 1. HP: 16/16 MP: 3/3
   214 | D:1      | Reached XP level 2. HP: 23/23 MP: 3/5
   701 | D:2      | Learned a level 2 spell: Sticks to Snakes
   767 | D:2      | Reached XP level 3. HP: 20/28 MP: 4/6
   876 | D:2      | Reached skill level 4 in Unarmed Combat
  1106 | D:2      | Reached XP level 4. HP: 16/35 MP: 5/7
  1531 | D:2      | Learned a level 3 spell: Spider Form
  2243 | D:3      | Noticed Sigmund
  2255 | D:3      | Killed Sigmund
  2255 | D:3      | Reached skill level 5 in Unarmed Combat
  2255 | D:3      | Reached XP level 5. HP: 31/40 MP: 5/9
  2255 | D:3      | Reached XP level 6. HP: 36/47 MP: 5/10
  2895 | D:3      | Noticed Grinder
  2903 | D:3      | Paralysed by Grinder for 6 turns
  2906 | D:3      | Killed Grinder
  2906 | D:3      | Reached skill level 6 in Unarmed Combat
  2906 | D:3      | Your scales start taking on a rich purple colour.
  2906 | D:3      | Reached XP level 7. HP: 27/52 MP: 10/13
  3201 | D:3      | Found a hide-covered altar of Uskayaw.
  3306 | D:3      | Became a worshipper of Uskayaw the Reveler
  3356 | D:3      | Reached * piety under Uskayaw
  3362 | D:3      | Reached ** piety under Uskayaw
  3418 | D:3      | Reached *** piety under Uskayaw
  3447 | D:3      | HP: 1/52 [acid (4)]
  3768 | D:3      | Reached skill level 5 in Spellcasting
  4154 | D:4      | Found a runed translucent gate.
  4154 | D:4      | Found a runed translucent gate.
  4154 | D:4      | Found a runed translucent gate.
  4156 | D:4      | Noticed SatoMori's ghost (amateur HOMo)
  4519 | D:4      | Noticed DogServant's ghost (novice GnCK)
  4606 | D:5      | Entered Level 5 of the Dungeon
  4645 | D:5      | Found a radiant altar of Vehumet.
  4662 | D:5      | Reached skill level 7 in Unarmed Combat
  4709 | D:5      | Found a staircase to the Ecumenical Temple.
  4735 | D:5      | Found a runed translucent gate.
  4736 | D:5      | Found a runed translucent gate.
  4737 | D:5      | Found a runed translucent gate.
  4759 | D:5      | Found a sacrificial altar of Ru.
  4766 | D:5      | Found a hazy altar of Hepliaklqana.
  4843 | D:5      | Found a bloodstained altar of Trog.
  5130 | D:5      | Noticed acepyromaniac2's ghost (novice MiGl)
  5351 | D:6      | Found a shattered altar of Ashenzari.
  5396 | D:6      | Reached XP level 8. HP: 18/59 MP: 16/16
  5629 | D:6      | Reached skill level 5 in Transmutations
  5806 | D:6      | Reached **** piety under Uskayaw
  6392 | D:6      | Reached skill level 8 in Unarmed Combat
  7303 | D:7      | Reached skill level 1 in Invocations
  7359 | D:7      | Reached XP level 9. HP: 33/64 MP: 19/19
  7360 | D:7      | Reached ***** piety under Uskayaw
  7607 | D:7      | Found an opulent altar of Gozag.
  7654 | D:7      | Reached skill level 9 in Unarmed Combat
  7867 | D:7      | Found an ornate altar of the Wu Jian Council.
  7880 | D:7      | Got a polished whip
  7888 | D:7      | Identified the +5 whip "Nuunoj" {holy, Fragile Str+3 Int+4
                  | Dex+2} (You found it on level 7 of the Dungeon)
  8092 | D:7      | Found a blossoming altar of Fedhas.
  9073 | D:8      | Found a white marble altar of Elyvilon.
  9082 | D:8      | Reached skill level 10 in Unarmed Combat
  9233 | D:8      | Noticed Maggie
  9326 | D:7      | Learned a level 4 spell: Ice Form
  9332 | D:7      | Learned a level 5 spell: Blade Hands
  9340 | D:8      | Killed Maggie
  9611 | D:8      | Reached XP level 10. HP: 62/71 MP: 21/21
  9813 | D:8      | Found a shimmering blue altar of Sif Muna.
  9858 | D:8      | Noticed a two-headed ogre
  9863 | D:8      | Killed a two-headed ogre
 10241 | D:8      | Reached skill level 5 in Invocations
 10355 | D:8      | Found a blossoming altar of Fedhas.
 10404 | D:8      | Found a runed translucent gate.
 10404 | D:8      | Found a runed translucent gate.
 10405 | D:8      | Noticed acepyromaniac2's ghost (novice GnSk)
 10405 | D:8      | Noticed DOPEyDwarf's ghost (journeyman DECj)
 10405 | D:8      | Noticed Lugonue's ghost (novice TeFi)
 10405 | D:8      | Noticed Flugslaktarn's ghost (novice MiFi)
 10407 | D:8      | Found a runed translucent gate.
 10680 | D:9      | Found a shadowy altar of Dithmenos.
 11274 | D:9      | Found a staircase to the Orcish Mines.
 11316 | D:9      | Found a roughly hewn altar of Beogh.
 11324 | D:9      | Reached skill level 11 in Unarmed Combat
 11348 | D:9      | Found a sacrificial altar of Ru.
 11898 | D:10     | Entered Level 10 of the Dungeon
 11943 | D:10     | Noticed a two-headed ogre
 11949 | D:10     | Killed a two-headed ogre
 12225 | D:10     | Noticed Urug
 12247 | D:10     | Noticed Sonja
 12254 | D:10     | Killed Sonja
 12587 | D:10     | Reached XP level 11. HP: 57/77 MP: 24/24
 12675 | D:10     | Noticed Snorg
 12688 | D:10     | Slain by Snorg

Levels and vault maps discovered:
D:1:      lightli_arrival_windingriver, layout_loops_ring, grunt_decor_cap
D:2:      layout_loops_ring, first_ration, guppyfry_early_orc_mine
D:3:      cheibrodos_fertilizer, layout_basic, eat_drink_and_be_merry_uskayaw,
          uniq_sigmund, uniq_grinder
D:4:      layout_cave_pools, gammafunk_ghost_cemetery
D:5:      layout_cave_pools, kennysheep_mini, lemuel_doored_altar,
          grunt_temple_overflow_open, minmay_temple_entry_waves,
          gammafunk_ghost_icy
D:6:      layout_loops_ring, ashenzari_conservatory_becter, serial_aquarium,
          aquarium_bridge_island_large [aquarium_subvault_large_open,
          aquarium_subvault_window, aquarium_subvault_bridge,
          aquarium_subvault_bridge, aquarium_subvault_wall],
          aquarium_bridge_square [aquarium_subvault_wall,
          aquarium_subvault_bridge, aquarium_subvault_wall,
          aquarium_subvault_bridge], aquarium_window_fake, aquarium_window_1,
          aquarium_window_1, aquarium_view_2c, aquarium_pool_five
D:7:      layout_basic, lemuel_round_altar, basic_altar, grunt_livestock,
          lemuel_statue_altar
D:8:      layout_loops_ring, kennysheep_mini_moat, marbit_many_paths,
          elyvilon_altar_5, gammafunk_ghost_cemetery, uniq_maggie
D:9:      layout_irregular_city, nicolae_dithmenos_the_darkroom,
          minmay_orc_entry_temple_small, basic_altar
D:10:     layout_irregular_city, erik_lair_orcish_takeover, serial_bayou_pond_d,
          nicolae_underground_beach, uniq_urug, uniq_sonja, uniq_snorg

Skill      XL: |  1  2  3  4  5  6  7  8  9 10 |
---------------+-------------------------------+-----
Unarmed Combat | 4 5 6 7 8 10 11 | 11.6
Transmutations | 3 4 6 7 8 |  8.3
Spellcasting   | 3 4 5 6 7 9 |  9.1
Invocations    | 1 4 6 |  6.3
Fighting       | |  1.1
Dodging        | |  1.7

Action                   |  1- 3 |  4- 6 |  7- 9 | 10-12 || total
-------------------------+-------+-------+-------+-------++-------
Melee: Unarmed           |    72 |   174 |   357 |   110 ||   713
       Kick              |     6 |     7 |     6 |       ||    19
       Tailslap          |     4 |     9 |    25 |    21 ||    59
       Headbutt          |     3 |     1 |     2 |     1 ||     7
       Punch             |       |     2 |    10 |     8 ||    20
       Whip              |       |       |    36 |    95 ||   131
 Cast: Beastly Appendage |    16 |    16 |     9 |     1 ||    42
       Spider Form       |       |     5 |    33 |    19 ||    57
       Blade Hands       |       |       |     1 |     5 ||     6
 Abil: Breathe Dispellin |       |       |     2 |       ||     2
Evoke: Wand              |       |       |     2 |     1 ||     3
  Use: Scroll            |     3 |     3 |    10 |     3 ||    19
       Potion            |       |       |     4 |     1 ||     5
 Stab: Sleeping          |       |     1 |       |     3 ||     4
       Paralysed         |       |       |    15 |     9 ||    24
  Eat: Chunk             |       |     8 |    17 |    12 ||    37
       Ration            |       |       |     2 |       ||     2
Armor: Skin              |    29 |    39 |    74 |    43 ||   185
Dodge: Dodged            |    65 |   118 |   272 |   147 ||   602

Table legend:
 A = Non-vault XP
 B = Vault XP
 C = Vault XP percentage of total XP
 D = Non-vault monster count
 E = Vault monster count
 F = Vault count percentage of total count
                 A         B        C        D         E       F
            +---------+---------+-------+---------+---------+-------
      Total |    8253 |    3283 |  28.5 |     205 |      42 |  17.0
            +---------+---------+-------+---------+---------+-------
        D:1 |      19 |       0 |   0.0 |      13 |       0 |   0.0
        D:2 |     124 |      17 |  12.1 |      27 |       7 |  20.6
        D:3 |     196 |     645 |  76.7 |      30 |      19 |  38.8
        D:4 |     193 |       0 |   0.0 |       5 |       0 |   0.0
        D:5 |     101 |       0 |   0.0 |      10 |       0 |   0.0
        D:6 |    1001 |       0 |   0.0 |      30 |       0 |   0.0
        D:7 |    1394 |     977 |  41.2 |      30 |       5 |  14.3
        D:8 |    2030 |     494 |  19.6 |      25 |       2 |   7.4
        D:9 |    1150 |     302 |  20.8 |      20 |       6 |  23.1
       D:10 |    2045 |     848 |  29.3 |      15 |       3 |  16.7
            +---------+---------+-------+---------+---------+-------
